 Dungeon Crawl Stone Soup version 0.30.0-18-gc0e69614cb (webtiles) character file.

Game seed: 2459201151029573558

12042 Strat the Covert (level 12, -17/77 HPs)
             Began as a Kobold Brigand on May 25, 2023.
             Was a Believer of Wu Jian.
             Shot with an arrow by a centaur warrior (18 damage)
             ... on level 13 of the Dungeon.
             The game lasted 00:29:39 (13820 turns).

Strat the Covert (Kobold Brigand)                  Turns: 13820, Time: 00:29:39

Health: -17/77     AC: 12    Str: 15    XL:     12   Next: 15%
Magic:  15/15      EV: 21    Int: 13    God:    Wu Jian [**....]
Gold:   452        SH:  0    Dex: 20    Spells: 12/15 levels left

rFire   . . .        b - +1 dagger (venom)
rCold   . . .        (no shield)
rNeg    . . .        N - +0 acid dragon scales
rPois   .            (no helmet)
rElec   .            G - +1 cloak
rCorr   +            y - +2 pair of gloves
SInv    .            B - +0 pair of boots
Will    +....        l - amulet of the acrobat
Stlth   ++++++       k - ring of willpower
HPRegen 0.32/turn    D - +6 ring of strength
MPRegen 0.14/turn

%: acrobat
@: marked
A: small, no large weapons, nightstalker 3
a: Renounce Religion, Wall Jump


You were on level 13 of the Dungeon.
You worshipped Wu Jian.
Wu Jian was pleased with you.
You visited 2 branches of the dungeon, and saw 14 of its levels.

You collected 709 gold pieces.
You spent 257 gold pieces at shops.

Inventory:

Hand Weapons
 a - a +4 short sword
 b - a +1 dagger of venom (weapon)
 J - a +3 dagger
 K - a +4 dagger
Missiles
 d - 17 poisoned darts (quivered)
 e - 3 curare-tipped darts
 x - 4 throwing nets
Armour
 m - a +2 robe of willpower
 y - a +2 pair of gloves (worn)
 B - a +0 pair of boots (worn)
 C - a scarf of resistance
 G - a +1 cloak (worn)
 N - +0 acid dragon scales (worn)
Jewellery
 g - a ring of resist corrosion
 h - an amulet of reflection
 k - a ring of willpower (left hand)
 l - an amulet of the acrobat (around neck)
 s - a ring of fire
 w - a ring of willpower
 D - a +6 ring of strength (right hand)
Wands
 q - a wand of roots (4)
 A - a wand of digging (8)
 I - a wand of quicksilver (4)
 M - a wand of flame (14)
Scrolls
 c - 10 scrolls of identify
 f - a scroll of enchant weapon
 o - 5 scrolls of amnesia
 p - a scroll of fog
 r - 3 scrolls of blinking
 u - 3 scrolls of teleportation
 H - a scroll of poison
 L - a scroll of immolation
Potions
 i - 3 potions of magic
 j - 2 potions of flight
 n - a potion of curing
 t - a potion of attraction
 v - a potion of lignification {unknown}
 z - 3 potions of brilliance
 E - a potion of mutation
 F - 2 potions of ambrosia


   Skills:
 - Level 10.0 Fighting
 - Level 10.0 Short Blades
 - Level 2.1 Throwing
 - Level 10.0 Dodging
 + Level 13.5 Stealth
 - Level 2.0 Spellcasting
 - Level 7.0 Hexes
 + Level 4.5 Evocations


You had 12 spell levels left.
You knew the following spells:

 Your Spells              Type           Power      Damage    Failure   Level
a - Confusing Touch       Hex            19%        N/A       6%          3

Your spell library contained the following spells:

 Spells                   Type           Power      Damage    Failure   Level
 Slow                     Hex            76%        N/A       1%          1
 Inner Flame              Hex/Fire       10%        N/A       26%         3
 Magic Dart               Conj           4%         1d3       34%         1
 Sandblast                Erth           2%         2d4       34%         1
 Shock                    Conj/Air       4%         1d3       34%         1
 Passwall                 Tmut/Erth      0%         N/A       47%         2
 Searing Ray              Conj           2%         2d4       47%         2
 Static Discharge         Conj/Air       2%         2-3/arc   47%         2
 Fulminant Prism          Conj/Hex       5%         3d7       63%         4
 Ignite Poison            Fire/Tmut/Pois 1%         N/A       71%         3
 Stone Arrow              Conj/Erth      2%         3d7       71%         3
 Vampiric Draining        Necr           1%         2d6       71%         3
 Volatile Blastmotes      Fire/Tloc      2%         2d10      71%         3
 Summon Mana Viper        Hex/Summ       10%        N/A       93%         5
 Airstrike                Air            0%         2d(1-17)  98%         4
 Flame Wave               Conj/Fire      1%         2d4       98%         4
 Iskenderun's Mystic Bla  Conj/Tloc      1%         2d3       98%         4
 Sticky Flame             Conj/Fire      1%         2d3       98%         4
 Summon Ice Beast         Ice/Summ       1%         N/A       98%         4
 Summon Lightning Spire   Summ/Air       1%         N/A       98%         4
 Blade Hands              Tmut           0%         N/A       100%        5
 Irradiate                Conj/Tmut      0%         3d11      100%        5
 Lee's Rapid Deconstruct  Erth           0%         3d4*      100%        5
 Dragon Form              Tmut           0%         N/A       100%        7
 Monstrous Menagerie      Summ           0%         N/A       100%        7
 Ignition                 Fire           0%         3d3       100%        8


Dungeon Overview and Level Annotations

Branches:
Dungeon (13/15)            Temple (1/1) D:7            Lair (0/5) D:10
    Orc: D:9-12      Vaults: D:13-14

Altars:
Ashenzari
Cheibriados
Dithmenos
Elyvilon
Fedhas
Gozag
Hepliaklqana
Kikubaaqudgha
Makhleb
Nemelex Xobeh
Okawaru
Qazlal
Ru
Sif Muna
Trog
Uskayaw
Vehumet
Wu Jian
Xom
Yredelemnul
Zin
The Shining One

Shops:
D:3 (   D:12 ***

Portals:
Ice
Cave: D:12

Annotations:
D:7 Pikel
D:12 Rupert


Innate Abilities, Weirdness & Mutations

You are small and have problems with some larger weapons.
You are completely attuned to the shadows.


Message History

You hear a shout!
Something unseen opens the door.
You sense a monster nearby.
A centaur warrior comes into view.
The centaur warrior wields a +0 shortbow.
The centaur warrior shoots an arrow.
The arrow hits you!
The centaur warrior shoots an arrow.
The arrow hits you!!
* * * LOW HITPOINT WARNING * * *
A skeletal warrior comes into view. It is wielding a +0 flail.
Okay, then.
As you read the scroll of fog, it crumbles to dust.
The scroll dissolves into smoke.
The centaur warrior shoots an arrow.
The arrow hits you.
* * * LOW HITPOINT WARNING * * *
As you read the scroll of teleportation, it crumbles to dust.
You feel strangely unstable.
The centaur warrior shoots an arrow.
The arrow hits you!
* * * LOW HITPOINT WARNING * * *
You feel better.
The centaur warrior shoots an arrow.
The arrow completely misses you.
The centaur warrior shoots an arrow.
The arrow hits you.
* * * LOW HITPOINT WARNING * * *
You feel better.
The centaur warrior shoots an arrow.
The arrow hits you!!
* * * LOW HITPOINT WARNING * * *
The centaur warrior shoots an arrow.
The arrow hits you!
* * * LOW HITPOINT WARNING * * *
You feel better.
Your surroundings suddenly seem different.
A centaur warrior comes into view.
The centaur warrior shouts!
The centaur warrior wields a +0 longbow.
The centaur warrior shoots an arrow.
The arrow misses you.
The centaur warrior shoots an arrow.
The arrow hits you!!
* * * LOW HITPOINT WARNING * * *
The centaur warrior shoots an arrow.
The arrow completely misses you.
You feel better.
The centaur warrior shoots an arrow.
The arrow misses you.
You feel better.
The centaur warrior shoots an arrow.
The arrow hits you!!
* * * LOW HITPOINT WARNING * * *
The centaur warrior shoots an arrow.
The arrow hits you!!
You die...

.........###
R#########
####### ......#
#.## ......###
c... ........#
....
......#.###....
......#@..c....
......#####....
......# ....
.... ####


You could see a centaur warrior.

Vanquished Creatures
  2 boulder beetles
  A two-headed ogre (D:9)
  A centaur warrior (D:13)
  An ugly thing (D:13)
  A manticore (D:13)
  2 gargoyles (D:12)
  An efreet (D:11)
  An unseen horror (D:11)
  A slime creature (D:13)
  Sigmund (D:2)
  3 wraiths
  3 shadows
  8 yaks
  2 wyverns
  2 steam dragons
  5 acid dragons
  2 water moccasins
  An ice beast (D:8)
  5 orc warriors
  3 black bears
  5 centaurs
  An ogre (D:4)
  A phantom (D:7)
  2 bullfrogs
  A scorpion (D:5)
  A gnoll sergeant (D:10)
  12 wights
  12 killer bees
  A quasit (D:4)
  A gnoll bouda (D:4)
  A hound (D:5)
  Crazy Yiuf (D:2)
  5 orc priests
  A jelly (D:4)
  7 iguanas
  Ijyb (D:3)
  11 orc wizards
  7 adders
  14 gnolls
  4 shadow imps
  4 white imps
  3 ufetubi
  A worm (D:2)
  2 dart slugs
  43 orcs
  4 bats
  3 endoplasms
  2 giant cockroaches
  2 goblins
  3 hobgoblins
  2 quokkas (D:4)
  2 ball pythons
  A frilled lizard (D:3)
  10 kobolds
  3 rats
220 creatures vanquished.

Vanquished Creatures (collateral kills)
  A rime drake (D:7)
  An adder (D:6)
2 creatures vanquished.

Vanquished Creatures (others)
  An iguana (D:6)
1 creature vanquished.

Grand Total: 223 creatures vanquished

Notes
Turn   | Place    | Note
-------+----------+-------------------------------------------
     0 | D:1      | Strat the Kobold Brigand began the quest for the Orb.
     0 | D:1      | Reached XP level 1. HP: 12/12 MP: 1/1
   294 | D:1      | Reached XP level 2. HP: 18/18 MP: 2/2
   696 | D:1      | Reached XP level 3. HP: 22/22 MP: 3/3
  1111 | D:2      | Noticed Sigmund
  1926 | D:2      | Found a runed translucent door.
  1929 | D:2      | Noticed Crazy Yiuf
  1934 | D:2      | Killed Crazy Yiuf
  1935 | D:2      | Reached skill level 6 in Stealth
  1935 | D:2      | Reached XP level 4. HP: 27/27 MP: 4/4
  1992 | D:2      | Killed Sigmund
  1993 | D:2      | Reached skill level 5 in Short Blades
  1993 | D:2      | Reached skill level 7 in Stealth
  1993 | D:2      | Reached XP level 5. HP: 32/32 MP: 5/5
  1993 | D:2      | Reached XP level 6. HP: 37/37 MP: 6/6
  2174 | D:3      | Found Lysim's Weapon Shop.
  2341 | D:3      | You fall into a shaft and drop 2 floors!
  2341 | D:5      | Entered Level 5 of the Dungeon
  2555 | D:3      | Learned a level 3 spell: Confusing Touch
  2591 | D:3      | Found a faded altar of an unknown god.
  2597 | D:3      | Got Plato's Volume of Injury
  2778 | D:3      | Noticed Ijyb
  2807 | D:3      | Killed Ijyb
  3066 | D:4      | Noticed an ogre
  3070 | D:4      | Killed an ogre
  3071 | D:4      | Reached XP level 7. HP: 41/41 MP: 7/7
  3529 | D:4      | Found an iron altar of Okawaru.
  3537 | D:4      | Reached skill level 8 in Stealth
  4305 | D:4      | Reached XP level 8. HP: 48/48 MP: 8/8
  4472 | D:5      | Reached skill level 9 in Stealth
  5382 | D:5      | Identified the +4 hand axe "Ureubuargh" {elec, rPois rC-
                  | rCorr Str+5}
  6198 | D:6      | Reached skill level 10 in Stealth
  6221 | D:6      | Reached skill level 5 in Fighting
  6221 | D:6      | Reached skill level 5 in Dodging
  6284 | D:6      | Reached XP level 9. HP: 54/54 MP: 9/9
  7084 | D:7      | Noticed a rime drake
  7085 | D:7      | Noticed Pikel
  7097 | D:7      | Killed a rime drake
  7180 | D:7      | Found a staircase to the Ecumenical Temple.
  7186 | Temple   | Entered the Ecumenical Temple
  7218 | Temple   | Became a worshipper of the Wu Jian Council
  7233 | D:7      | Reached skill level 10 in Short Blades
  7246 | D:7      | Noticed a rime drake
  7307 | D:7      | Noticed a rime drake
  8716 | D:8      | Reached XP level 10. HP: 26/63 MP: 10/10
  9501 | D:8      | Reached * piety under Wu Jian
  9896 | D:9      | Found a basalt altar of Yredelemnul.
  9916 | D:9      | Found a radiant altar of Vehumet.
 10422 | D:9      | Reached skill level 10 in Dodging
 10766 | D:9      | Noticed a two-headed ogre
 10769 | D:9      | Killed a two-headed ogre
 10770 | D:9      | Reached skill level 10 in Fighting
 10770 | D:9      | Reached XP level 11. HP: 72/72 MP: 11/11
 10964 | D:10     | Entered Level 10 of the Dungeon
 11028 | D:10     | Found a sacrificial altar of Ru.
 11159 | D:10     | Found a staircase to the Lair.
 11267 | D:10     | Reached ** piety under Wu Jian
 11354 | D:10     | Reached skill level 11 in Stealth
 11410 | D:10     | Reached skill level 5 in Hexes
 12137 | D:11     | Noticed a boulder beetle
 12311 | D:11     | Killed a boulder beetle
 12570 | D:11     | Reached skill level 12 in Stealth
 12866 | D:12     | Found Riste's Assorted Antiques.
 12872 | D:12     | Bought a scroll of teleportation for 96 gold pieces
 12902 | D:12     | Found Heuqaenn's General Store.
 12908 | D:12     | Bought a scroll of identify for 28 gold pieces
 12908 | D:12     | Bought a scroll of identify for 28 gold pieces
 12908 | D:12     | Bought a scroll of blinking for 105 gold pieces
 12929 | D:12     | Noticed a manticore
 13053 | D:12     | Noticed Rupert
 13056 | D:12     | Noticed a boulder beetle
 13080 | D:12     | Killed a boulder beetle
 13081 | D:12     | Reached skill level 1 in Spellcasting
 13081 | D:12     | Reached skill level 1 in Evocations
 13166 | D:12     | Found a frozen archway.
 13211 | D:12     | Found Opepas's General Store.
 13519 | D:13     | Noticed a rakshasa
 13602 | D:13     | Noticed a centaur warrior
 13644 | D:13     | Killed a centaur warrior
 13645 | D:13     | Reached skill level 13 in Stealth
 13645 | D:13     | Reached XP level 12. HP: 59/77 MP: 13/15
 13800 | D:13     | Noticed a centaur warrior
 13802 | D:13     | Noticed a skeletal warrior
 13815 | D:13     | Noticed a centaur warrior
 13820 | D:13     | HP: 1/77 [centaur warrior/arrow (21)]
 13820 | D:13     | Shot with an arrow by a centaur warrior

Illustrated notes

Levels and vault maps discovered:
D:1:      sevenhm_arrival_forest_fort_small_1, layout_loops_corners,
          serial_bayou_crossing
D:2:      layout_basic, serial_glass, glass_columns_a, glass_columns_c,
          minmay_misc_feat_chi, uniq_crazy_yiuf_cottage, uniq_sigmund
D:3:      layout_loops_cross, serial_shops, nicolae_shop_bloodbath_and_beyond,
          shapermc_ecumenical_altar_rom_forum, uniq_ijyb
D:4:      layout_rooms, hellmonk_okawaru_the_only_friend_you_need,
          serial_demonic, serial_demonic_b, serial_demonic_g, serial_demonic_f,
          serial_demonic_b, nicolae_concentric_dashed_squares_mild
D:5:      wander_river, layout_basic
D:6:      layout_basic
D:7:      layout_basic, minmay_temple_entry_large_hall,
          hellmonk_guarded_unrand_zhor, uniq_pikel
D:8:      layout_loops_ring
D:9:      layout_cave_pods, mainiacjoe_overflow_catwalk_spiral
D:10:     layout_roguey, nicolae_ru_awakened_eye, lair_entry_dummy
D:11:     layout_cave_pools
D:12:     layout_big_octagon, zombieorc2_lemuel, serial_shops, shop,
          nicolae_shop_rolling_square, nicolae_shop_peninsula, shop,
          nicolae_shop_hallway_plus, portal_ice_cave_entry_pillars_2,
          uniq_rupert
D:13:     layout_roguey, serial_shops, shop_fountains
Temple:   nicolae_temple_no_exploring_needed

Skill      XL: |  1  2  3  4  5  6  7  8  9 10 11 12 |
---------------+-------------------------------------+-----
Short Blades   | 3 4 5 6 8 10 | 10.0
Dodging        | 2 3 4 5 7 10 | 10.0
Stealth        | 6 7 8 10 13 | 13.5
Fighting       | 3 4 5 7 10 | 10.0
Hexes          | 2 7 |  7.0
Spellcasting   | 2 |  2.0
Evocations     | 3 4 |  4.5
Throwing       | |  2.1

Action                     |  1- 3 |  4- 6 |  7- 9 | 10-12 || total
---------------------------+-------+-------+-------+-------++-------
  Melee: Dagger            |    49 |    76 |   632 |   446 ||  1203
         Punch             |       |     1 |    10 |    16 ||    27
         Short sword       |       |       |       |   172 ||   172
  Throw: Dart              |       |     3 |     3 |     3 ||     9
         Throwing net      |       |       |       |     1 ||     1
Ability: Lunge             |       |       |     6 |    35 ||    41
         Whirlwind         |       |       |       |    22 ||    22
  Evoke: Wand              |       |       |     9 |     7 ||    16
    Use: Scroll            |       |       |    14 |     9 ||    23
         Potion            |       |       |       |     7 ||     7
   Stab: Sleeping          |    14 |    10 |    32 |    29 ||    85
         Distracted        |     1 |     1 |     5 |     2 ||     9
         Held in net/web   |       |       |       |     1 ||     1
 Armour: Robe              |     5 |     8 |    76 |    32 ||   121
         Acid dragon scale |       |       |       |    41 ||    41
  Dodge: Dodged            |    23 |    33 |   412 |   327 ||   795
